 Dungeon Crawl Stone Soup version 0.21.1-1-g345015f (webtiles) character file.

32 shakethe the Chopper (level 3, -8/28 HPs)
             Began as a Demonspawn Gladiator on Feb 25, 2018.
             Mangled by an ogre
             ... wielding a +0 giant spiked club
              (20 damage)
             ... on level 2 of the Dungeon.
             The game lasted 00:00:44 (819 turns).

shakethe the Chopper (Demonspawn Gladiator)          Turns: 819, Time: 00:00:45

Health: -8/28      AC:  4    Str: 14    XL:     3   Next: 10%
Magic:  3/3        EV: 14    Int: 10    God:
Gold:   21         SH:  0    Dex: 14    Spells: 2/2 levels left

rFire    . . .     SeeInvis .   a - +0 war axe
rCold    . . .     Gourm    .   (no shield)
rNeg     . . .     Faith    .   b - +0 leather armour
rPois    .         Spirit   .   c - +0 helmet
rElec    .         Reflect  .   (no cloak)
rCorr    .         Harm     .   (no gloves)
MR       .....                  (no boots)
Stlth    +.........             (no amulet)
HPRegen  0.09/turn              (no ring)
MPRegen  0.08/turn              (no ring)

@: no status effects
A: repulsion field 1, spiny 1
a: no special abilities


You were on level 2 of the Dungeon.
You were not hungry.

You visited 1 branch of the dungeon, and saw 2 of its levels.

You collected 21 gold pieces.

Inventory:

Hand Weapons
 a - a +0 war axe (weapon)
Missiles
 d - 3 throwing nets {=f, !d}
Armour
 b - a +0 leather armour (worn)
 c - a +0 helmet (worn)
Scrolls
 e - 2 scrolls of teleportation {unknown}
 g - a scroll of immolation {unknown}
 h - a scroll of identify {unknown}
 k - a scroll of remove curse {unknown}
 l - a scroll of amnesia {unknown}
Potions
 i - a potion of haste {unknown}
 j - a potion of invisibility {unknown}
Comestibles
 f - 3 rations


   Skills:
 + Level 2.5 Fighting
 * Level 3.5 Axes
 - Level 1.7 Throwing
 + Level 2.6 Dodging


You had 2 spell levels left.
You didn't know any spells.

Dungeon Overview and Level Annotations

Branches:
Dungeon (2/15)

Altars:
Ashenzari


Innate Abilities, Weirdness & Mutations

You are surrounded by a mild repulsion field. (EV +2)
You are partially covered in sharp spines.


Message History

No reachable target in view!
No reachable target in view!
No reachable target in view!
You open the door.
Found a stone staircase leading down.
No target in view!
No target in view!
No target in view!
No target in view!
No target in view!
No target in view!
No target in view!
No target in view!
No target in view!
No target in view!
There is an open door here.
A hobgoblin comes into view. It is wielding a club.
The hobgoblin shouts!
You closely miss the hobgoblin. The hobgoblin closely misses you.
You hit the hobgoblin.
The hobgoblin hits you but does no damage.
The hobgoblin is struck by your spines. The hobgoblin misses you.
You barely miss the hobgoblin. The hobgoblin is struck by your spines.
You kill the hobgoblin!
No target in view!
No target in view!
No target in view!
No target in view!
No target in view!
No target in view!
No target in view!
No target in view!
No target in view!
No target in view!
No target in view!
Things that are here:
a club; a hobgoblin corpse No target in view!
No target in view!
No target in view!
No target in view!
No target in view!
No target in view!
No target in view!
No target in view!
You open the door.
There is an open door here.
As you open the door, it creaks loudly!
There is an open door here.
You see here a rat skeleton.
Done exploring.
Done exploring.
Done exploring.
Done exploring.
Done exploring.
No target in view!
No target in view!
No target in view!
Done exploring.
Done exploring.
Done exploring.
Done exploring.
(D) Dungeon
Where to? (? - help)
You see here a rat skeleton.
There is an open door here.
There is a stone staircase leading down here.
You climb downwards.
Found 7 gold pieces.
Found a stone staircase leading up.
There is a stone staircase leading up here.
A kobold comes into view. It is wielding a short sword.
The kobold shouts!
You hear a shout!
The kobold throws a stone.
The stone closely misses you.
The kobold throws a stone.
The stone hits you but does no damage.
You see here a stone.
An ogre comes into view. It is wielding a giant spiked club.
The ogre shouts!
The kobold throws a stone.
The stone hits you but does no damage.
You see here a stone.
The kobold throws a stone.
The stone closely misses you.
You closely miss the kobold. The kobold is struck by your spines.
The kobold hits you but does no damage.
There are monsters nearby!
You hit the kobold.
You kill the kobold!
You hit the ogre. The ogre completely misses you.
You slash the ogre! The ogre is struck by your spines.
The ogre barely misses you.
You hit the ogre.
The ogre hits you with a giant spiked club!
Ouch! That really hurt!
You take 17 damage, and have 11/28 hp.
MASSIVE DAMAGE!!
You hit the ogre. The ogre is struck by your spines.
The ogre closely misses you.
You hit the ogre but do no damage. The ogre hits you but does no damage.
You hit the ogre. The ogre is struck by your spines.
The ogre hits you with a giant spiked club!!
Ouch! That really hurt!
You die...

# #.#. #.#.... #
#.#...## #.#. ##......
##.#.##......#
.............#
##.#.#...##..#########
.........(..$.@O......
#.......(.((####.####
##......<....#
#.#...#####.#
#<..........
#########.###


You could see an ogre.

Vanquished Creatures
  2 adder zombies (D:1)
  A dart slug (D:1)
  A giant cockroach (D:1)
  6 goblins (D:1)
  4 hobgoblins (D:1)
  3 frilled lizards (D:1)
  2 kobolds
  4 rats (D:1)
23 creatures vanquished.

Notes
Turn   | Place    | Note
-------+----------+-------------------------------------------
     0 | D:1      | shakethe the Demonspawn Gladiator began the quest for the Orb.
     0 | D:1      | Reached XP level 1. HP: 16/16 MP: 1/1
    19 | D:1      | Reached skill level 3 in Axes
    19 | D:1      | Gained mutation: You are partially covered in sharp spines. [demonic ancestry]
    19 | D:1      | Reached XP level 2. HP: 16/22 MP: 2/2
   555 | D:1      | Found a shattered altar of Ashenzari.
   581 | D:1      | Gained mutation: You are surrounded by a mild repulsion field. (EV +2) [demonic ancestry]
   581 | D:1      | Reached XP level 3. HP: 28/28 MP: 3/3
   809 | D:2      | Noticed an ogre
   819 | D:2      | Mangled by an ogre

Skill      XL: |  1 |
---------------+----+-----
Axes           | 3 |  3.5
Fighting       | |  2.5
Throwing       | |  1.7
Dodging        | |  2.6

Action                   || total
-------------------------++-------
Melee: War axe           ||    41
 Stab: Sleeping          ||     1
Armor: Leather armour    ||     6
Dodge: Dodged            ||    22

Vault maps used:
D:1:      saegor_arrival_fortress, serial_corexii_hall, corexii_hall_statues_l,
          corexii_hall_statues_x, minmay_misc_feat_alley,
          nicolae_ashenzari_panopticon
D:2:      kennysheep_the_goblin_king, zin_treasury,
          nicolae_gozag_zags_fifth_avenue, first_ration

Table legend:
 A = Turns spent in this place as a percentage of turns spent in the entire game.
 B = Non-inter-level travel turns spent in this place as a percentage of non-inter-level travel turns spent in the entire game.
 C = Inter-level travel turns spent in this place as a percentage of turns spent in this place.
 D = Turns resting spent in this place as a percentage of non-inter-level travel turns spent in this place.
 E = Turns spent auto-exploring this place as a percentage of non-inter-level travel turns spent in this place.
 F = Non-inter-level travel turns spent in this place divided by the number of levels of this place that you've seen.
                   A       B       C       D       E      F
               +-------+-------+-------+-------+-------+----------------------
         Total | 100.0 | 100.0 |   1.8 |   0.0 |  85.2 | 402.0
       Dungeon | 100.0 | 100.0 |   1.8 |   0.0 |  85.2 | 402.0
               +-------+-------+-------+-------+-------+----------------------

Table legend:
 A = Kills in this place as a percentage of kills in entire the game.
 B = Kills by you in this place as a percentage of kills by you in the entire game.
 C = Kills by friends in this place as a percentage of kills by friends in the entire game.
 D = Other kills in this place as a percentage of other kills in the entire game.
 E = Experience gained in this place as a percentage of experience gained in the entire game.
 F = Experience gained in this place divided by the number of levels of this place that you have seen.
                   A       B       C       D       E      F
               +-------+-------+-------+-------+-------+----------------------
         Total | 100.0 | 100.0 |   N/A |   N/A | 100.0 |  23.5
       Dungeon | 100.0 | 100.0 |   N/A |   N/A | 100.0 |  23.5
               +-------+-------+-------+-------+-------+----------------------
